 Dungeon Crawl Stone Soup version 0.31-a0-361-g0f8bd3a31e (webtiles) character file.

Game seed: 6391751832784565288

774 AdnanSaban the Covered (level 7, -6/44 HPs)
             Began as a Gargoyle Fighter on July 27, 2023.
             Mangled by a boulder beetle (13 damage)
             ... on level 6 of the Dungeon.
             The game lasted 00:04:33 (4309 turns).

AdnanSaban the Covered (Gargoyle Fighter)           Turns: 4309, Time: 00:04:34

Health: -6/44      AC: 22    Str: 22    XL:     7   Next: 84%
Magic:  7/7        EV:  6    Int:  8    God:
Gold:   371        SH:  4    Dex:  9    Spells: 6/6 levels left

rFire   . . .        a - +0 flail
rCold   . . .        c - +0 buckler
rNeg    + . .        p - +0 plate armour
rPois   ∞            y - +2 helmet {SInv}
rElec   +            h - +0 cloak
rCorr   .            (no gloves)
SInv    +            (no boots)
Will    +....        (no amulet) Stlth
                     F - ring of willpower
HPRegen 0.27/turn    (no ring)
MPRegen 0.10/turn

%: no passive effects
@: no status effects
A: sickness immunity, AC +4, negative energy resistance 1, electricity
resistance, torment resistance 1, petrification resistance
a: no special abilities


You were on level 6 of the Dungeon.
You visited 1 branch of the dungeon, and saw 6 of its levels.

You collected 371 gold pieces.

Inventory:

Hand Weapons
 a - a +0 flail (weapon)
Missiles
 t - 4 datura-tipped darts
 D - 3 poisoned darts
 H - 2 boomerangs (quivered)
Armour
 c - a +0 buckler (worn)
 h - a +0 cloak (worn)
 p - a +0 plate armour (worn)
 y - a +2 helmet of see invisible (worn)
Jewellery
 F - a ring of willpower (left hand)
Wands
 s - a wand of light (7)
Scrolls
 e - 2 scrolls of amnesia {unknown}
 f - 11 scrolls of identify {unknown}
 i - 5 scrolls of fear {unknown}
 k - 2 scrolls of poison {unknown}
 m - a scroll of revelation {unknown}
 n - 4 scrolls of teleportation {unknown}
 o - a scroll of torment {unknown}
 u - a scroll of vulnerability {unknown}
 v - 2 scrolls of fog {unknown}
 w - a scroll of blinking {unknown}
 z - a scroll of noise {unknown}
 C - 2 scrolls of enchant armour {unknown}
 E - a scroll of enchant weapon {unknown}
 G - a scroll of brand weapon {unknown}
Potions
 b - 2 potions of ambrosia {unknown}
 d - a potion of might
 g - 5 potions of curing {unknown}
 j - a potion of invisibility {unknown}
 l - 3 potions of berserk rage {unknown}
 q - a potion of attraction {unknown}
 r - 3 potions of heal wounds {unknown}
 x - 2 potions of haste {unknown}
 A - a potion of lignification {unknown}
 B - a potion of degeneration {unknown}


   Skills:
 + Level 4.6 Fighting
 + Level 5.4 Maces & Flails
 + Level 5.9 Armour
 + Level 1.4 Dodging
 + Level 4.8 Shields


You had 6 spell levels left.
You didn't know any spells.
Your spell library contained the following spells:

 Spells                   Type           Power      Damage    Failure   Level
 Poisonous Vapours        Pois/Air       0%         N/A       100%        2
 Ignite Poison            Fire/Tmut/Pois 0%         N/A       100%        3
 Inner Flame              Hex/Fire       0%         N/A       100%        3
 Petrify                  Tmut/Erth      0%         N/A       100%        4
 Yara's Violent Unravell  Hex/Tmut       0%         3d3       100%        5
 Eringya's Noxious Bog    Tmut/Pois      0%         4d6       100%        6
 Enfeeble                 Hex            0%         N/A       100%        7


Dungeon Overview and Level Annotations

Branches:
Dungeon (6/15)
 Temple: D:4-7

Altars:
Trog

Annotations:
D:5 2 runed translucent doors


Innate Abilities, Weirdness & Mutations

You are immune to sickness and miasma.
Your stone body is resilient. (AC +4)
You are immune to poison.
You resist negative energy. (rN+)
You are resistant to electric shocks. (rElec)
You are resistant to unholy torment.
You are immune to petrification.


Message History

Level annotation: 2 runed translucent doors
There is a stone staircase leading down here.
You start resting.
HP restored.
(D) Dungeon
Where to? (Enter - D:5 @ (x,y), ? - help)
Okay, then.
Unknown command.
There is an open door here.
There is an open door here.
There is a stone staircase leading down here.
You climb downwards.
There is a stone staircase leading up here.
You pick up the Essays on the Fluctuating Stinger and begin reading...
You add the spells Poisonous Vapours, Ignite Poison, Petrify and Eringya's Noxious Bog to your library.
You open the large door.
There is a large open door here.
There is a large open door here.
l - 3 black potions (gained 1)
You now have 340 gold pieces (gained 5).
You now have 356 gold pieces (gained 16).
You now have 371 gold pieces (gained 15).
A boulder beetle is nearby!
You block the boulder beetle's attack.
The boulder beetle waves its antennae.
The boulder beetle leaps!
You block the boulder beetle's attack. The boulder beetle bites you.
The boulder beetle curls into a ball and begins rolling!
The boulder beetle hits you!!
Ouch! That really hurt!
The boulder beetle stops rolling and uncurls.
The boulder beetle bites you!
* * * LOW HITPOINT WARNING * * *
The boulder beetle attacks as you move away!
You block the boulder beetle's attack.
There is a large open door here.
The boulder beetle attacks as you move away!
The boulder beetle bites you!
You die...

#############.#########
# #.............####
#### #.############...#
#... #.#.......# #...#
#... #.#.#####.# #...#
#... #.#.# #.# #...#
#### #.#.#####.####...#
#.#............B.#
#.#######.#####@##
#.........# ##'#######
########### #........#
#........# #........#
#........# ##.#######
#.# #.#


You could see a boulder beetle.

Vanquished Creatures
  2 ogres
  3 phantoms (D:5)
  An electric eel (D:6)
  An orc priest (D:6)
  2 hounds
  Ijyb (D:4)
  An iguana (D:5)
  An orc wizard (D:4)
  10 adders
  An ufetubus (D:5)
  A worm (D:2)
  A dart slug (D:2)
  9 orcs
  5 endoplasms
  A giant cockroach (D:2)
  10 goblins
  7 hobgoblins
  3 quokkas
  8 ball pythons
  8 bats
  2 frilled lizards
  7 kobolds
  5 rats
90 creatures vanquished.

Notes
Turn   | Place    | Note
-------+----------+-------------------------------------------
     0 | D:1      | AdnanSaban the Gargoyle Fighter began the quest for the
                  | Orb.
     0 | D:1      | Reached XP level 1. HP: 14/14 MP: 1/1
   334 | D:1      | Reached XP level 2. HP: 18/19 MP: 2/2
   874 | D:2      | Reached XP level 3. HP: 24/24 MP: 3/3
  1042 | D:2      | Found a faded altar of an unknown god.
  1156 | D:2      | You fall into a shaft and drop 1 floor!
  1201 | D:3      | Found a bloodstained altar of Trog.
  1209 | D:3      | Reached XP level 4. HP: 29/29 MP: 4/4
  1966 | D:3      | Reached skill level 1 in Dodging
  2219 | D:4      | Reached XP level 5. HP: 31/33 MP: 5/5
  2366 | D:4      | Noticed Ijyb
  2391 | D:4      | Killed Ijyb
  2808 | D:5      | Entered Level 5 of the Dungeon
  2873 | D:4      | Reached XP level 6. HP: 24/38 MP: 6/6
  3025 | D:5      | Reached skill level 5 in Armour
  3110 | D:5      | Reached XP level 7. HP: 44/44 MP: 7/7
  3148 | D:5      | Reached skill level 5 in Maces & Flails
  3348 | D:5      | Found a large runed translucent door.
  3349 | D:5      | Found a large runed translucent door.
  3891 | D:6      | Noticed a boulder beetle
  4210 | D:6      | Got the Essays on the Fluctuating Stinger
  4309 | D:6      | Mangled by a boulder beetle

Illustrated notes

Levels and vault maps discovered:
D:1:      mrwooster_arrival_arrow, layout_basic
D:2:      layout_loops_cross, shapermc_ecumenical_altar_gd
D:3:      cheibrodos_helix_gallery, layout_rooms,
          mainiacjoe_overflow_concentric_impassable
D:4:      layout_cave_pools, uniq_ijyb
D:5:      layout_cave_pools, jmf_multi_god_temple2
D:6:      layout_basic, minmay_misc_feat_hallway, nicolae_water_bricks,
          grunt_ministairs_1

Skill      XL: |  1  2  3  4  5  6  7 |
---------------+----------------------+-----
Armour         | 4 5 |  5.9
Maces & Flails | 3 4 5 |  5.4
Dodging        | 1 |  1.4
Fighting       | 4 |  4.6
Shields        | 4 |  4.8

Action                     |  1- 3 |  4- 6 |  7- 9 || total
---------------------------+-------+-------+-------++-------
  Melee: Flail             |   108 |   208 |    72 ||   388
  Throw: Dart              |       |       |     2 ||     2
         Boomerang         |       |       |     1 ||     1
 Armour: Scale mail        |   107 |    32 |       ||   139
         Plate armour      |       |   107 |    47 ||   154
  Dodge: Dodged            |    77 |    87 |    13 ||   177
  Block: Buckler           |    32 |    44 |    14 ||    90

Table legend: (Time is in decaauts)
 A = Elapsed time spent in this place.
 B = Non-inter-level travel time spent in this place.
 C = Inter-level travel time spent in this place.
 D = Time resting spent in this place.
 E = Time spent auto-exploring this place.
 F = Levels seen in this place.
 G = Mean time per level.
                   A        B        C        D        E       F      G
               +--------+--------+--------+--------+--------+-----+--------+
         Total |   4412 |   4229 |    183 |    195 |   3085 |   6 |  735.3 |
       Dungeon |   4412 |   4229 |    183 |    195 |   3085 |   6 |  735.3 |
               +--------+--------+--------+--------+--------+-----+--------+

Top non-repeatable levels by time:
     D:1: 877 daAuts
     D:5: 813 daAuts
     D:2: 789 daAuts
     D:4: 702 daAuts
     D:6: 644 daAuts
     D:3: 584 daAuts
